2970 views
Uploaded 2020-02-19 09:33:27
Game version 1.32 / 1.32.1
20:40 long 3on3 ladder game on (6)TimbermawHold
Saved by Wooow
2970 views
Uploaded 2020-02-19 09:33:27
Game version 1.32 / 1.32.1
20:40 long 3on3 ladder game on (6)TimbermawHold

106 units @ 18k
/ 3.4k
66 buildings @ 7.6k
/ 3.4k

| Potion of Healing | 1 | 150 |
| Circlet of Nobility | 1 | 175 |
| total: | 2 | 325g |
| Acolyte | 2 | 150 | / | 0 |
| Ghoul | 3 | 360 | / | 0 |
| Crypt Fiend | 11 | 2365 | / | 440 |
| Frost Wyrm | 8 | 3080 | / | 960 |
| Gargoyle | 2 | 350 | / | 60 |
| total: | 26 | 6305g | / | 1460w |
| Nerubian Tower | 1 | 100 | / | 20 |
| Crypt | 1 | 200 | / | 50 |
| Altar of Darkness | 1 | 180 | / | 50 |
| Ziggurat | 8 | 1200 | / | 400 |
| Graveyard | 1 | 215 | / | 0 |
| Sacrificial Pit | 1 | 75 | / | 150 |
| Boneyard | 2 | 350 | / | 400 |
| Halls of the Dead | 1 | 320 | / | 210 |
| Black Citadel | 1 | 325 | / | 230 |
| total: | 14 | 2220g | / | 1050w |
| 0:13 | Crypt |
| 0:17 | Altar of Darkness |
| 0:21 | Acolyte |
| 0:22 | Acolyte |
| 0:45 | Ziggurat |
| 1:16 | Graveyard |
| 1:28 | Ghoul |
| 1:40 | Ghoul |
| 1:49 | Nerubian Tower |
| 1:59 | Ghoul |
| 2:13 | Ziggurat |
| 2:51 | Creature Attack |
| 3:03 | Ziggurat |
| 3:11 | Death Coil |
| 3:30 | Crypt Fiend |
| 3:38 | Halls of the Dead |
| 3:57 | Crypt Fiend |
| 4:24 | Crypt Fiend |
| 4:34 | Ziggurat |
| 4:56 | Crypt Fiend |
| 5:23 | Unholy Aura |
| 5:49 | Crypt Fiend |
| 5:59 | Black Citadel |
| 6:45 | Crypt Fiend |
| 6:45 | Web |
| 6:51 | Creature Carapace |
| 6:58 | Ziggurat |
| 7:13 | Circlet of Nobility |
| 7:28 | Sacrificial Pit |
| 8:00 | Crypt Fiend |
| 9:05 | Death Coil |
| 9:35 | Boneyard |
| 9:40 | Boneyard |
| 10:43 | Crypt Fiend |
| 10:53 | Ziggurat |
| 10:55 | Ziggurat |
| 10:57 | Ziggurat |
| 11:11 | Potion of Healing |
| 11:30 | Frost Wyrm |
| 11:57 | Improved Creature Attack |
| 13:10 | Unholy Aura |
| 13:21 | Frost Wyrm |
| 13:22 | Frost Wyrm |
| 13:51 | Crypt Fiend |
| 14:35 | Frost Wyrm |
| 15:14 | Death Coil |
| 15:47 | Gargoyle |
| 16:00 | Frost Wyrm |
| 16:02 | Freezing Breath |
| 17:06 | Gargoyle |
| 17:13 | Frost Wyrm |
| 18:12 | Animate Dead |
| 19:08 | Frost Wyrm |
| 19:12 | Frost Wyrm |
| 19:54 | Crypt Fiend |
| 19:56 | Crypt Fiend |
| Right click | 454 |
| Select | 163 |
| Select group | 84 |
| Build/train/purchase | 45 |
| Misc. action | 30 |
| Assign group | 22 |
| Use ability | 18 |
| Chat | 17 |
| Minimap ping | 4 |
| Remove unit | 2 |
| Item give/drop | 1 |


| Scroll of Regeneration | 4 | 400 |
| Lesser Clarity Potion | 4 | 280 |
| Potion of Healing | 3 | 450 |
| Potion of Mana | 1 | 200 |
| Scroll of Town Portal | 3 | 1050 |
| total: | 15 | 2380g |
| Peasant | 15 | 1125 | / | 0 |
| Rifleman | 10 | 2050 | / | 300 |
| Mortar Team | 10 | 1800 | / | 700 |
| Knight | 4 | 980 | / | 240 |
| Flying Machine | 4 | 400 | / | 120 |
| total: | 43 | 6355g | / | 1360w |
| Scout Tower | 8 | 240 | / | 160 |
| Guard Tower | 2 | 140 | / | 100 |
| Blacksmith | 1 | 140 | / | 60 |
| Altar of Kings | 1 | 180 | / | 50 |
| Barracks | 1 | 160 | / | 60 |
| Farm | 10 | 800 | / | 200 |
| Arcane Vault | 2 | 260 | / | 60 |
| Lumber Mill | 2 | 240 | / | 0 |
| Town Hall | 1 | 385 | / | 205 |
| Workshop | 3 | 420 | / | 420 |
| Keep | 1 | 320 | / | 210 |
| Castle | 1 | 360 | / | 210 |
| total: | 29 | 2825g | / | 1215w |
| 0:03 | Peasant |
| 0:03 | Peasant |
| 0:17 | Peasant |
| 0:18 | Peasant |
| 0:18 | Peasant |
| 0:18 | Peasant |
| 0:42 | Blacksmith |
| 0:51 | Altar of Kings |
| 0:54 | Barracks |
| 0:59 | Peasant |
| 1:05 | Farm |
| 1:08 | Peasant |
| 1:09 | Peasant |
| 1:22 | Peasant |
| 1:33 | Farm |
| 2:12 | Rifleman |
| 2:16 | Rifleman |
| 2:30 | Farm |
| 2:39 | Rifleman |
| 2:56 | Holy Light |
| 3:19 | Rifleman |
| 3:26 | Rifleman |
| 3:46 | Rifleman |
| 4:25 | Keep |
| 4:37 | Farm |
| 4:40 | Arcane Vault |
| 4:44 | Arcane Vault |
| 5:28 | Divine Shield |
| 5:32 | Lumber Mill |
| 5:44 | Lumber Mill |
| 6:40 | Scout Tower |
| 6:42 | Scout Tower |
| 6:43 | Scout Tower |
| 6:46 | Scout Tower |
| 6:46 | Scout Tower |
| 6:47 | Scout Tower |
| 6:48 | Scout Tower |
| 6:51 | Scout Tower |
| 7:01 | Holy Light |
| 7:07 | Rifleman |
| 7:12 | Farm |
| 7:15 | Improved Lumber Harvesting |
| 7:48 | Guard Tower |
| 8:03 | Scroll of Regeneration |
| 8:03 | Lesser Clarity Potion |
| 8:05 | Scroll of Town Portal |
| 8:06 | Potion of Healing |
| 8:09 | Guard Tower |
| 8:21 | Town Hall |
| 8:41 | Improved Masonry |
| 9:07 | Rifleman |
| 9:17 | Scroll of Regeneration |
| 9:18 | Scroll of Town Portal |
| 9:18 | Potion of Healing |
| 9:31 | Rifleman |
| 9:57 | Peasant |
| 9:57 | Peasant |
| 10:00 | Advanced Masonry |
| 10:17 | Workshop |
| 10:51 | Peasant |
| 10:51 | Peasant |
| 10:51 | Peasant |
| 11:02 | Rifleman |
| 11:25 | Workshop |
| 11:27 | Mortar Team |
| 11:41 | Castle |
| 12:08 | Workshop |
| 12:16 | Scroll of Regeneration |
| 12:35 | Mortar Team |
| 12:38 | Farm |
| 12:39 | Farm |
| 12:41 | Farm |
| 13:19 | Mortar Team |
| 13:30 | Divine Shield |
| 13:47 | Mortar Team |
| 13:50 | Farm |
| 13:51 | Farm |
| 14:07 | Fragmentation Shards |
| 14:17 | Advanced Lumber Harvesting |
| 15:15 | Thunder Clap |
| 15:29 | Mortar Team |
| 15:40 | Scroll of Regeneration |
| 15:44 | Scroll of Town Portal |
| 15:44 | Lesser Clarity Potion |
| 15:52 | Mortar Team |
| 15:56 | Black Gunpowder |
| 15:59 | Mortar Team |
| 16:01 | Mortar Team |
| 16:16 | Knight |
| 16:26 | Potion of Healing |
| 16:26 | Potion of Mana |
| 16:26 | Lesser Clarity Potion |
| 16:26 | Lesser Clarity Potion |
| 16:59 | Flare |
| 17:00 | Mortar Team |
| 17:20 | Mortar Team |
| 18:01 | Refined Gunpowder |
| 18:19 | Storm Bolt |
| 18:57 | Holy Light |
| 19:16 | Knight |
| 19:16 | Knight |
| 19:17 | Knight |
| 20:02 | Flak Cannons |
| 20:02 | Flying Machine |
| 20:03 | Flying Machine |
| 20:03 | Flying Machine |
| 20:03 | Flying Machine |
| 20:07 | Resurrection |
| Right click | 906 |
| Select group | 585 |
| Select | 263 |
| Build/train/purchase | 102 |
| Chat | 78 |
| Assign group | 69 |
| Use ability | 44 |
| Misc. action | 6 |
| Minimap ping | 6 |
| Remove unit | 5 |


| Peasant | 9 | 675 | / | 0 |
| Rifleman | 10 | 2050 | / | 300 |
| Sorceress | 9 | 1395 | / | 180 |
| Priest | 9 | 1215 | / | 90 |
| total: | 37 | 5335g | / | 570w |
| Scout Tower | 2 | 60 | / | 40 |
| Guard Tower | 1 | 70 | / | 50 |
| Altar of Kings | 1 | 180 | / | 50 |
| Farm | 12 | 960 | / | 240 |
| Lumber Mill | 1 | 120 | / | 0 |
| Barracks | 1 | 160 | / | 60 |
| Blacksmith | 1 | 140 | / | 60 |
| Arcane Vault | 1 | 130 | / | 30 |
| Town Hall | 1 | 385 | / | 205 |
| Arcane Sanctum | 2 | 300 | / | 280 |
| Workshop | 1 | 140 | / | 140 |
| Keep | 1 | 320 | / | 210 |
| Castle | 1 | 360 | / | 210 |
| total: | 23 | 2575g | / | 1105w |
| 0:06 | Peasant |
| 0:06 | Peasant |
| 0:12 | Altar of Kings |
| 0:22 | Farm |
| 0:24 | Farm |
| 0:29 | Peasant |
| 0:29 | Peasant |
| 0:43 | Peasant |
| 0:45 | Peasant |
| 0:57 | Peasant |
| 1:06 | Peasant |
| 1:08 | Peasant |
| 1:24 | Lumber Mill |
| 1:57 | Barracks |
| 2:01 | Blacksmith |
| 2:15 | Summon Water Elemental |
| 2:29 | Arcane Vault |
| 2:51 | Keep |
| 2:56 | Farm |
| 2:57 | Farm |
| 2:59 | Farm |
| 3:30 | Rifleman |
| 3:30 | Rifleman |
| 4:16 | Rifleman |
| 4:32 | Brilliance Aura |
| 4:52 | Rifleman |
| 4:52 | Rifleman |
| 5:02 | Scout Tower |
| 5:03 | Scout Tower |
| 5:45 | Guard Tower |
| 6:00 | Arcane Sanctum |
| 6:08 | Arcane Sanctum |
| 6:41 | Brilliance Aura |
| 7:08 | Holy Light |
| 7:13 | Castle |
| 7:17 | Farm |
| 7:17 | Farm |
| 7:18 | Farm |
| 7:19 | Farm |
| 8:02 | Sorceress |
| 8:02 | Sorceress |
| 8:02 | Sorceress |
| 8:04 | Priest |
| 8:24 | Priest |
| 8:30 | Priest |
| 9:22 | Sorceress |
| 9:22 | Sorceress |
| 9:24 | Priest |
| 10:24 | Divine Shield |
| 10:26 | Summon Water Elemental |
| 11:22 | Rifleman |
| 11:26 | Sorceress Adept Training |
| 11:28 | Priest Adept Training |
| 11:30 | Sorceress |
| 11:31 | Priest |
| 11:31 | Priest |
| 11:49 | Priest |
| 11:49 | Priest |
| 12:30 | Rifleman |
| 12:35 | Farm |
| 12:36 | Farm |
| 12:36 | Farm |
| 13:22 | Holy Light |
| 14:29 | Rifleman |
| 14:30 | Rifleman |
| 14:37 | Sorceress Master Training |
| 14:37 | Priest Master Training |
| 15:30 | Studded Leather Armor |
| 15:30 | Black Gunpowder |
| 15:32 | Rifleman |
| 16:01 | Sorceress |
| 16:01 | Sorceress |
| 16:03 | Sorceress |
| 16:08 | Priest |
| 16:50 | Workshop |
| 18:14 | Brilliance Aura |
| 18:45 | Divine Shield |
| 19:11 | Holy Light |
| 19:36 | Town Hall |
| 20:25 | Mass Teleport |
| Right click | 463 |
| Select | 262 |
| Chat | 105 |
| Build/train/purchase | 75 |
| Use ability | 20 |
| Minimap ping | 7 |
161 units @ 21.8k
/ 3.5k
42 buildings @ 7.9k
/ 3.5k


| Orb of Venom | 1 | 325 |
| Circlet of Nobility | 1 | 175 |
| Boots of Speed | 1 | 250 |
| total: | 3 | 750g |
| Wisp | 20 | 1200 | / | 0 |
| Archer | 7 | 910 | / | 70 |
| Druid of the Claw | 13 | 3315 | / | 1040 |
| Dryad | 16 | 2320 | / | 960 |
| total: | 56 | 7745g | / | 2070w |
| Altar of Elders | 1 | 180 | / | 50 |
| Moon Well | 5 | 900 | / | 200 |
| Ancient of War | 1 | 150 | / | 60 |
| Ancient of Wonders | 1 | 90 | / | 30 |
| Hunter's Hall | 1 | 210 | / | 100 |
| Tree of Life | 2 | 680 | / | 370 |
| Ancient of Lore | 4 | 620 | / | 580 |
| Tree of Ages | 1 | 320 | / | 180 |
| Tree of Eternity | 1 | 330 | / | 200 |
| total: | 15 | 2830g | / | 1390w |
| 0:01 | Wisp |
| 0:06 | Altar of Elders |
| 0:08 | Wisp |
| 0:16 | Moon Well |
| 0:31 | Ancient of War |
| 0:31 | Wisp |
| 0:41 | Wisp |
| 1:01 | Wisp |
| 1:13 | Wisp |
| 1:24 | Moon Well |
| 1:28 | Wisp |
| 1:31 | Archer |
| 1:44 | Wisp |
| 1:50 | Archer |
| 2:14 | Wisp |
| 2:15 | Archer |
| 2:20 | Force of Nature |
| 2:34 | Tree of Ages |
| 2:55 | Archer |
| 3:15 | Entangling Roots |
| 3:37 | Archer |
| 3:40 | Moon Well |
| 3:45 | Ancient of Wonders |
| 3:49 | Circlet of Nobility |
| 3:53 | Boots of Speed |
| 3:58 | Archer |
| 4:39 | Moon Well |
| 4:49 | Entangling Roots |
| 4:55 | Hunter's Hall |
| 4:58 | Tree of Eternity |
| 5:36 | Archer |
| 5:58 | Ancient of Lore |
| 6:00 | Ancient of Lore |
| 6:08 | Ancient of Lore |
| 6:16 | Ancient of Lore |
| 7:21 | Wisp |
| 7:21 | Wisp |
| 7:21 | Wisp |
| 7:23 | Druid of the Claw Adept Training |
| 7:26 | Druid of the Claw |
| 8:07 | Frost Arrows |
| 8:17 | Wisp |
| 8:18 | Wisp |
| 8:18 | Wisp |
| 8:41 | Druid of the Claw Master Training |
| 9:15 | Druid of the Claw |
| 9:29 | Druid of the Claw |
| 9:35 | Druid of the Claw |
| 9:59 | Orb of Venom |
| 10:47 | Druid of the Claw |
| 10:47 | Druid of the Claw |
| 11:22 | Dryad |
| 11:40 | Tree of Life |
| 11:53 | Mark of the Claw |
| 11:54 | Abolish Magic |
| 13:06 | Dryad |
| 13:06 | Dryad |
| 13:07 | Dryad |
| 13:17 | Thorns Aura |
| 13:56 | Dryad |
| 13:56 | Dryad |
| 13:56 | Dryad |
| 13:57 | Druid of the Claw |
| 13:57 | Druid of the Claw |
| 13:57 | Druid of the Claw |
| 13:59 | Druid of the Claw |
| 13:59 | Druid of the Claw |
| 13:59 | Druid of the Claw |
| 14:14 | Wisp |
| 14:14 | Wisp |
| 14:14 | Wisp |
| 14:25 | Wisp |
| 14:25 | Wisp |
| 15:03 | Forked Lightning |
| 15:08 | Dryad |
| 15:28 | Dryad |
| 15:28 | Dryad |
| 15:53 | Dryad |
| 16:15 | Dryad |
| 16:30 | Moon Well |
| 17:03 | Druid of the Claw |
| 17:13 | Tree of Life |
| 18:13 | Forked Lightning |
| 18:18 | Dryad |
| 18:18 | Dryad |
| 18:18 | Dryad |
| 18:24 | Entangling Roots |
| 18:42 | Dryad |
| Right click | 1038 |
| Select group | 862 |
| Select | 560 |
| Misc. action | 197 |
| Build/train/purchase | 109 |
| Assign group | 72 |
| Use ability | 46 |
| Esc | 9 |
| Minimap ping | 3 |
| Item give/drop | 1 |
| Remove unit | 1 |


| Wisp | 17 | 1020 | / | 0 |
| Archer | 22 | 2860 | / | 220 |
| Druid of the Talon | 9 | 1305 | / | 180 |
| Hippogryph | 1 | 160 | / | 20 |
| total: | 49 | 5345g | / | 420w |
| Altar of Elders | 1 | 180 | / | 50 |
| Moon Well | 6 | 1080 | / | 240 |
| Ancient of War | 2 | 300 | / | 120 |
| Tree of Life | 2 | 680 | / | 370 |
| Hunter's Hall | 1 | 210 | / | 100 |
| Ancient of Wind | 2 | 300 | / | 280 |
| Tree of Ages | 1 | 320 | / | 180 |
| Tree of Eternity | 1 | 330 | / | 200 |
| total: | 14 | 2750g | / | 1160w |
| 0:03 | Wisp |
| 0:06 | Altar of Elders |
| 0:08 | Wisp |
| 0:12 | Moon Well |
| 0:15 | Wisp |
| 0:31 | Wisp |
| 0:36 | Ancient of War |
| 0:38 | Wisp |
| 0:50 | Wisp |
| 1:00 | Wisp |
| 1:10 | Wisp |
| 1:18 | Wisp |
| 1:28 | Moon Well |
| 1:36 | Archer |
| 1:40 | Wisp |
| 1:55 | Wisp |
| 2:05 | Entangling Roots |
| 2:19 | Wisp |
| 2:29 | Archer |
| 2:31 | Archer |
| 2:49 | Tree of Ages |
| 3:11 | Archer |
| 3:29 | Archer |
| 3:40 | Thorns Aura |
| 3:47 | Archer |
| 3:56 | Moon Well |
| 4:00 | Moon Well |
| 4:23 | Archer |
| 5:10 | Tree of Life |
| 5:12 | Improved Bows |
| 5:21 | Ancient of Wind |
| 5:24 | Ancient of Wind |
| 5:26 | Wisp |
| 5:44 | Archer |
| 6:17 | Hunter's Hall |
| 6:32 | Druid of the Talon Adept Training |
| 6:47 | Druid of the Talon |
| 6:56 | Entangling Roots |
| 6:59 | Trueshot Aura |
| 7:07 | Archer |
| 7:19 | Druid of the Talon |
| 7:50 | Druid of the Talon |
| 9:25 | Tree of Life |
| 9:29 | Moon Well |
| 9:29 | Moon Well |
| 9:31 | Tree of Eternity |
| 9:44 | Strength of the Moon |
| 10:37 | Druid of the Talon |
| 10:39 | Archer |
| 10:39 | Archer |
| 11:01 | Archer |
| 11:01 | Archer |
| 11:09 | Searing Arrows |
| 11:20 | Druid of the Talon |
| 11:53 | Druid of the Talon Master Training |
| 11:53 | Druid of the Talon |
| 12:05 | Wisp |
| 12:05 | Wisp |
| 13:18 | Thorns Aura |
| 13:22 | Archer |
| 13:22 | Archer |
| 13:23 | Druid of the Talon |
| 13:23 | Druid of the Talon |
| 13:40 | Wisp |
| 13:40 | Wisp |
| 13:49 | Hippogryph |
| 14:08 | Ancient of War |
| 15:25 | Archer |
| 15:25 | Marksmanship |
| 15:45 | Archer |
| 15:45 | Archer |
| 15:46 | Archer |
| 15:51 | Improved Strength of the Moon |
| 16:18 | Archer |
| 16:37 | Archer |
| 16:59 | Mark of the Talon |
| 17:06 | Archer |
| 17:07 | Druid of the Talon |
| 17:18 | Advanced Strength of the Moon |
| 17:26 | Moon Armor |
| 18:20 | Trueshot Aura |
| 18:34 | Entangling Roots |
| Right click | 1077 |
| Select group | 628 |
| Select | 485 |
| Misc. action | 128 |
| Build/train/purchase | 73 |
| Assign group | 52 |
| Use ability | 34 |
| Minimap ping | 6 |
| Remove unit | 1 |
| Esc | 1 |


| Peon | 16 | 1200 | / | 0 |
| Grunt | 4 | 800 | / | 0 |
| Troll Headhunter | 22 | 3080 | / | 440 |
| Demolisher | 2 | 440 | / | 100 |
| Wind Rider | 12 | 3180 | / | 480 |
| total: | 56 | 8700g | / | 1020w |
| Altar of Storms | 1 | 180 | / | 50 |
| Orc Burrow | 5 | 800 | / | 200 |
| Barracks | 1 | 180 | / | 50 |
| War Mill | 1 | 205 | / | 0 |
| Great Hall | 1 | 385 | / | 185 |
| Voodoo Lounge | 1 | 130 | / | 30 |
| Spirit Lodge | 1 | 150 | / | 150 |
| Beastiary | 2 | 290 | / | 280 |
| Stronghold | 1 | 315 | / | 190 |
| Fortress | 1 | 325 | / | 190 |
| total: | 13 | 2320g | / | 945w |
| 0:12 | Peon |
| 0:12 | Peon |
| 0:12 | Peon |
| 0:18 | Altar of Storms |
| 0:24 | Orc Burrow |
| 1:01 | Peon |
| 1:02 | Peon |
| 1:23 | Barracks |
| 1:33 | Orc Burrow |
| 1:39 | Peon |
| 2:44 | Grunt |
| 2:44 | Grunt |
| 2:54 | Shockwave |
| 3:03 | Grunt |
| 3:21 | Peon |
| 3:41 | Orc Burrow |
| 4:17 | Grunt |
| 4:30 | War Mill |
| 4:32 | Stronghold |
| 5:23 | Orc Burrow |
| 5:52 | Troll Headhunter |
| 5:53 | Troll Headhunter |
| 5:53 | Troll Headhunter |
| 5:53 | Troll Headhunter |
| 5:54 | Troll Headhunter |
| 5:57 | Steel Ranged Weapons |
| 6:48 | Endurance Aura |
| 6:55 | Troll Headhunter |
| 6:55 | Troll Headhunter |
| 6:57 | Steel Armor |
| 7:45 | Great Hall |
| 7:55 | Peon |
| 8:07 | Spirit Lodge |
| 8:34 | Troll Regeneration |
| 8:35 | Troll Headhunter |
| 8:35 | Troll Headhunter |
| 8:35 | Troll Headhunter |
| 9:49 | Peon |
| 9:49 | Peon |
| 10:50 | Serpent Ward |
| 11:00 | Peon |
| 11:00 | Peon |
| 11:05 | Troll Headhunter |
| 11:05 | Troll Headhunter |
| 11:06 | Troll Headhunter |
| 11:06 | Troll Headhunter |
| 11:06 | Troll Headhunter |
| 11:22 | Beastiary |
| 12:08 | Troll Headhunter |
| 12:09 | Troll Headhunter |
| 12:09 | Troll Headhunter |
| 12:09 | Troll Headhunter |
| 12:09 | Troll Headhunter |
| 13:18 | Demolisher |
| 13:18 | Demolisher |
| 13:50 | Peon |
| 13:50 | Peon |
| 13:57 | Wind Rider |
| 13:57 | Wind Rider |
| 13:57 | Wind Rider |
| 13:58 | Wind Rider |
| 13:58 | Wind Rider |
| 14:07 | Orc Burrow |
| 15:22 | Troll Headhunter |
| 15:22 | Troll Headhunter |
| 15:24 | Thorium Ranged Weapons |
| 15:27 | Wind Rider |
| 15:27 | Wind Rider |
| 15:28 | Wind Rider |
| 15:28 | Wind Rider |
| 15:58 | Thorium Armor |
| 16:13 | Voodoo Lounge |
| 16:33 | Fortress |
| 16:42 | Wind Rider |
| 16:43 | Wind Rider |
| 17:06 | Wind Rider |
| 17:18 | Reinforced Defenses |
| 18:17 | Beastiary |
| 19:08 | Peon |
| 19:08 | Peon |
| Right click | 418 |
| Select | 188 |
| Build/train/purchase | 69 |
| Select group | 22 |
| Use ability | 20 |
| Minimap ping | 10 |
| Assign group | 7 |
| Misc. action | 1 |
⇛